 Dungeon Crawl Stone Soup version 0.30-a0-799-g109b55a442 (webtiles) character file.

Game seed: 3770495148074370498

98 Iich the Chopper (level 4, -12/41 HPs)
             Began as a Hill Orc Fighter on Feb 20, 2023.
             Mangled by Edmund
             ... wielding a +0 heavy dire flail
              (29 damage)
             ... on level 4 of the Dungeon.
             The game lasted 00:03:30 (2646 turns).

Iich the Chopper (Hill Orc Fighter)                 Turns: 2646, Time: 00:03:30

Health: -12/41     AC:  9    Str: 18    XL:     4   Next: 69%
Magic:  4/4        EV:  6    Int:  8    God:
Gold:   129        SH:  4    Dex: 12    Spells: 3/3 levels left

rFire   . . .      SeeInvis .    a - +0 war axe
rCold   . . .      Faith    .    c - +0 buckler
rNeg    + . .      Spirit   .    l - +0 chain mail
rPois   .          Reflect  .    (no helmet)
rElec   .          Harm     .    (no cloak)
rCorr   .          Rampage  .    (no gloves)
Will    .....                    (no boots) Stlth
                                 (no amulet)
HPRegen 0.26/turn                i - +4 ring of slaying
MPRegen 0.09/turn                j - ring of positive energy

@: no status effects
A: no striking features
a: no special abilities


You were on level 4 of the Dungeon.
You visited 1 branch of the dungeon, and saw 4 of its levels.

You collected 129 gold pieces.

Inventory:

Hand Weapons
 a - a +0 war axe (weapon)
Armour
 c - a +0 buckler (worn)
 l - a +0 chain mail (worn)
Jewellery
 i - a +4 ring of slaying (left hand)
 j - a ring of positive energy (right hand)
Scrolls
 e - a scroll of silence {unknown}
 f - a scroll of torment
 g - a scroll of teleportation {unknown}
 h - a scroll of immolation
 k - a scroll of fog {unknown}
 m - a scroll of identify {unknown}
 o - 2 scrolls of amnesia
Potions
 b - a potion of degeneration {unknown}
 d - a potion of might
 n - a potion of brilliance {unknown}
 p - 3 potions of heal wounds {unknown}
 q - 3 potions of lignification {unknown}


   Skills:
 + Level 4.6 Fighting
 * Level 5.4 Axes
 - Level 3.2 Armour
 - Level 3.2 Shields


You had 3 spell levels left.
You didn't know any spells.
Your spell library was empty.

Dungeon Overview and Level Annotations

Branches:
Dungeon (4/15)
 Temple: D:4-7

Altars:
Qazlal

Shops:
D:2 =   D:3 :

Annotations:
D:4 Edmund


Message History

Found a potion of might.
You hit Edmund but do no damage. Edmund hits you but does no damage.
You slash Edmund!
Edmund is lightly wounded.
Edmund barely misses you.
You slash Edmund!
Edmund is heavily wounded.
Edmund barely misses you.
You slash Edmund!
Edmund is heavily wounded.
You hit Edmund but do no damage.
Edmund is heavily wounded.
Edmund barely misses you.
You hit Edmund.
Edmund is severely wounded.
Edmund hits you with a +0 heavy dire flail.
You hit Edmund.
Edmund is severely wounded.
Edmund drinks a potion.
Edmund goes berserk!
You hit Edmund.
Edmund is severely wounded.
Edmund hits you with a +0 heavy dire flail.
You block Edmund's attack.
You completely miss Edmund.
Edmund is severely wounded.
Edmund hits you with a +0 heavy dire flail!
You are too injured to fight recklessly!
You are too injured to fight recklessly!
You barely miss Edmund.
Edmund is severely wounded.
Edmund barely misses you.
You hit Edmund but do no damage.
Edmund is severely wounded.
Edmund hits you with a +0 heavy dire flail!
* * * LOW HITPOINT WARNING * * *
You slash Edmund!
Edmund is almost dead.
Edmund hits you with a +0 heavy dire flail!!
Ouch! That really hurt!
You die...

.................##
..................♣ ♣
...........##....##..
.....................
....................#
##.........#....<.#..
..........#.........
..........#..##..#.#
.........@..# ##
........@...#
..............#
.............!.#
.#...........#
#.............
.......##.....#
.....#. ...###


You could see Edmund (berserk).

Vanquished Creatures
  An orc priest (D:3)
  2 adders (D:2)
  A worm (D:3)
  A dart slug (D:2)
  5 orcs (D:3)
  7 ball pythons
  An endoplasm (D:2)
  4 hobgoblins
  A quokka (D:3)
  2 bats
  6 frilled lizards
  5 goblins
  6 kobolds
  3 rats
45 creatures vanquished.

Notes
Turn   | Place    | Note
-------+----------+-------------------------------------------
     0 | D:1      | Iich the Hill Orc Fighter began the quest for the Orb.
     0 | D:1      | Reached XP level 1. HP: 19/19 MP: 1/1
   134 | D:1      | Reached skill level 3 in Axes
   201 | D:1      | You fall into a shaft and drop 1 floor!
   253 | D:2      | Reached XP level 2. HP: 27/27 MP: 2/2
   918 | D:2      | Reached skill level 4 in Axes
   946 | D:2      | Reached XP level 3. HP: 32/33 MP: 3/3
   963 | D:2      | Found Exes Asuph's Jewellery Boutique.
  1625 | D:3      | Found Sirotesch's Book Shop.
  1850 | D:3      | HP: 1/34 [orc priest/+0 hand axe (5)]
  1851 | D:3      | Reached XP level 4. HP: 2/41 MP: 4/4
  1855 | D:3      | HP: 1/41 [orc priest/+0 hand axe (1)]
  1857 | D:3      | Reached skill level 5 in Axes
  2630 | D:4      | Found a stormy altar of Qazlal.
  2632 | D:4      | Noticed Edmund
  2646 | D:4      | Mangled by Edmund

Illustrated notes

Levels and vault maps discovered:
D:1:      eino_arrival_cavern_a, layout_loops_cross, minivault_5,
          grunt_decor_mini_mirrors, minmay_misc_feat_more_columns,
          minmay_misc_feat_chi
D:2:      layout_basic, serial_shops, nicolae_shop_crystal
D:3:      cheibrodos_pilgrimage, layout_loops_ring, serial_shops,
          nicolae_shop_advertising_works [nicolae_subvault_shop_adworks]
D:4:      layout_cave_pools, nicolae_overflow_quartered_altars, uniq_edmund

Skill      XL: |  1  2  3  4 |
---------------+-------------+-----
Axes           | 3 4 5 |  5.4
Fighting       | 4 |  4.6
Armour         | |  3.2
Shields        | |  3.2

Action                     |  1- 3 |  4- 6 || total
---------------------------+-------+-------++-------
  Melee: War axe           |   108 |    33 ||   141
    Use: Scroll            |     2 |     1 ||     3
 Armour: Scale mail        |    26 |       ||    26
         Chain mail        |    30 |    14 ||    44
  Dodge: Dodged            |    55 |     9 ||    64
  Block: Buckler           |    21 |     3 ||    24

Table legend: (Time is in decaauts)
 A = Elapsed time spent in this place.
 B = Non-inter-level travel time spent in this place.
 C = Inter-level travel time spent in this place.
 D = Time resting spent in this place.
 E = Time spent auto-exploring this place.
 F = Levels seen in this place.
 G = Mean time per level.
                   A        B        C        D        E       F      G
               +--------+--------+--------+--------+--------+-----+--------+
         Total |   2691 |   2550 |    141 |      0 |   2089 |   4 |  672.8 |
       Dungeon |   2691 |   2550 |    141 |      0 |   2089 |   4 |  672.8 |
               +--------+--------+--------+--------+--------+-----+--------+

Top non-repeatable levels by time:
     D:3: 1014 daAuts
     D:2: 842 daAuts
     D:1: 796 daAuts
     D:4: 37 daAuts
